 Dungeon Crawl Stone Soup version 0.29-a0-998-g1987434951 (webtiles) character file.

Game seed: 4349274910770366573

52 vurker the Covered (level 3, -4/31 HPs)
             Began as a Minotaur Artificer on Aug 5, 2022.
             Slain by a worm (10 damage)
             ... on level 2 of the Dungeon.
             The game lasted 00:01:33 (1919 turns).

vurker the Covered (Minotaur Artificer)             Turns: 1919, Time: 00:01:34

Health: -4/31      AC:  5    Str: 18    XL:     3   Next: 60%
Magic:  2/2        EV: 11    Int:  8    God:
Gold:   121        SH:  0    Dex: 10    Spells: 2/2 levels left

rFire   . . .      SeeInvis .   g - +0 dagger
rCold   . . .      Faith    .   (no shield)
rNeg    . . .      Spirit   .   f - +0 ring mail
rPois   .          Reflect  .   (helmet restricted)
rElec   .          Harm     .   (no cloak)
rCorr   .          Rampage  .   (no gloves)
Will    .....                   (no boots)
Stlth   +.........              (no amulet)
HPRegen 0.10/turn               (no ring)
MPRegen 0.08/turn               (no ring)

@: no status effects
A: horns 2, retaliatory headbutt
a: no special abilities


You were on level 2 of the Dungeon.
You visited 1 branch of the dungeon, and saw 2 of its levels.

You collected 121 gold pieces.

Inventory:

Hand Weapons
 g - a +0 dagger (weapon)
   (You took it off a goblin on level 1 of the Dungeon)
Armour
 f - a +0 ring mail (worn)
   (You found it on level 1 of the Dungeon)
Jewellery
 c - a ring of protection from cold
   (You found it on level 1 of the Dungeon)
Wands
 d - a wand of iceblast (9) (quivered)
 e - a wand of charming (15)
 t - a wand of flame (15)
Scrolls
 a - a scroll of immolation {unknown}
 h - a scroll of fog {unknown}
 j - 2 scrolls of identify {unknown}
 k - a scroll of amnesia {unknown}
 l - a scroll of teleportation {unknown}
 m - 3 scrolls of acquirement {unknown}
 n - 2 scrolls of blinking {unknown}
Potions
 b - a potion of brilliance {unknown}
 i - a potion of flight {unknown}
 o - 2 potions of ambrosia {unknown}


   Skills:
 * Level 3.2 Fighting
 + Level 3.2 Armour
 + Level 2.0 Dodging
 - Level 0.7 Stealth
 - Level 2.6 Evocations


You had 2 spell levels left.
You didn't know any spells.
Your spell library contained the following spells:

 Spells                   Type           Power      Damage    Failure   Level
 Conjure Ball Lightning   Conj/Air       0%         3x3d6     100%        6
 Discord                  Hex            0%         N/A       100%        8
 Disjunction              Tloc           0%         N/A       100%        8


Dungeon Overview and Level Annotations

Branches:
Dungeon (2/15)

Altars:


Innate Abilities, Weirdness & Mutations

You have a pair of horns on your head.
You reflexively headbutt those who attack you in melee.


Message History

Found a stone staircase leading up.
There is a stone staircase leading up here.
You see here a +0 plate armour.
Key pressed, stopping explore.
You see here a +0 club.
A kobold comes into view. It is wielding a +0 club.
A kobold is nearby!
The kobold hits you with a +0 club.
You closely miss the kobold. The kobold misses you. You furiously retaliate!
You headbutt the kobold, but do no damage.
You hit the kobold. The kobold hits you with a +0 club.
You hit the kobold but do no damage. The kobold hits you with a +0 club.
You hit the kobold. The kobold hits you with a +0 club.
You hit the kobold.
You kill the kobold!
No target in view!
No target in view!
No target in view!
No target in view!
No target in view!
No target in view!
You see here a +0 club.
You open the door.
A giant cockroach comes into view.
A giant cockroach is nearby!
A giant cockroach is nearby!
A giant cockroach is nearby!
A worm comes into view.
Found a clear potion.
Found a stone staircase leading down.
There is an open door here.
You hit the giant cockroach but do no damage.
Your headbutt misses the giant cockroach.
The giant cockroach closely misses you.
You closely miss the giant cockroach.
The giant cockroach bites you but does no damage. x2
You hit the giant cockroach. You headbutt the giant cockroach.
You kill the giant cockroach!
Found a stone staircase leading down.
You hit the worm. You barely miss the worm. The worm bites you!
You hit the worm. The worm bites you!
* * * LOW HITPOINT WARNING * * *
You hit the worm but do no damage. You headbutt the worm!
You hit the worm but do no damage. The worm barely misses you.
You hit the worm but do no damage. You hit the worm. You punch the worm.
The worm bites you!
* * * LOW HITPOINT WARNING * * *
You barely miss the worm. Your headbutt misses the worm. The worm bites you!
You die...

#####.# #.##...
#.....####### >...
#.##...
#.######....##+##....
#.#.... #.#
#....#........ #.#....
#.# #....#........
#.#.... #.#
#....#........ #.#.###
##.######....#........
#.#.#
#............+w.......
#.#.#
#########....#@.......
#.#.#
............'†.......
#.#.#
#.######....#....####
#.#.### #....#....#
#.#.#..
#....#....#.#####.#.#..
######.>..#.#...#.#.#..
#.!..#.#.#.#.#....
#....#.#.#.#.###..
#####.#..........


You could see a worm.

Vanquished Creatures
  A worm (D:2)
  A dart slug (D:1)
  An orc (D:2)
  6 ball pythons
  2 endoplasms
  2 giant cockroaches (D:2)
  5 goblins
  5 hobgoblins
  5 quokkas
  4 bats
  3 frilled lizards (D:1)
  3 kobolds
  3 rats
41 creatures vanquished.

Notes
Turn   | Place    | Note
-------+----------+-------------------------------------------
     0 | D:1      | vurker the Minotaur Artificer began the quest for the Orb.
     0 | D:1      | Reached XP level 1. HP: 16/16 MP: 0/0
   404 | D:1      | Reached XP level 2. HP: 24/24 MP: 1/1
   766 | D:1      | Found a faded altar of an unknown god.
  1014 | D:2      | Reached XP level 3. HP: 30/30 MP: 2/2
  1919 | D:2      | Slain by a worm

Illustrated notes

Levels and vault maps discovered:
D:1:      lightli_arrival_lavapool, layout_rooms,
          chequers_ecumenical_altar_grove, serial_bayou_crossing
D:2:      minmay_chambers_of_twos, layout_basic

Skill      XL: |  1  2  3 |
---------------+----------+-----
Fighting       | 2 3 |  3.2
Armour         | 3 |  3.2
Dodging        | 2 |  2.0
Stealth        | |  0.7
Evocations     | |  2.6

Action                   || total
-------------------------++-------
Melee: Club              ||    18
       Dagger            ||   102
       Headbutt          ||    14
       Punch             ||     4
Armor: Leather armour    ||     3
       Ring mail         ||    40
Dodge: Dodged            ||    77

Table legend: (Time is in decaauts)
 A = Elapsed time spent in this place.
 B = Non-inter-level travel time spent in this place.
 C = Inter-level travel time spent in this place.
 D = Time resting spent in this place.
 E = Time spent auto-exploring this place.
 F = Levels seen in this place.
 G = Mean time per level.
                   A        B        C        D        E       F      G
               +--------+--------+--------+--------+--------+-----+--------+
         Total |   1927 |   1906 |     21 |      0 |   1605 |   2 |  963.5 |
       Dungeon |   1927 |   1906 |     21 |      0 |   1605 |   2 |  963.5 |
               +--------+--------+--------+--------+--------+-----+--------+

Top non-repeatable levels by time:
     D:1: 978 daAuts
     D:2: 949 daAuts
